 Dungeon Crawl Stone Soup version 0.28-a0-628-g3c9886e45e (webtiles) character file.

Game seed: 5914356192819738249

95 dolemite99 the Shooter (level 4, -37/40 HPs)
             Began as a Minotaur Hunter on Oct 8, 2021.
             Killed from afar by Ijyb (44 damage)
             ... with a bolt of acid
             ... on level 3 of the Dungeon.
             The game lasted 00:02:58 (2349 turns).

dolemite99 the Shooter (Minotaur Hunter)            Turns: 2349, Time: 00:02:58

Health: -37/40     AC:  5    Str: 17    XL:     4   Next: 39%
Magic:  3/3        EV:  7    Int:  8    God:
Gold:   93         SH:  0    Dex: 11    Spells: 3/3 levels left

rFire   . . .      SeeInvis .   a - +1 shortbow
rCold   . . .      Faith    .   (shield currently unavailable)
rNeg    . . .      Spirit   .   g - +1 chain mail
rPois   .          Reflect  .   (helmet restricted)
rElec   .          Harm     .   (no cloak)
rCorr   .          Rampage  .   (no gloves)
Will    .....                   (no boots)
Stlth   ..........              (no amulet)
HPRegen 0.13/turn               (no ring)
MPRegen 0.08/turn               (no ring)

@: corroded
A: horns 2, retaliatory headbutt
a: no special abilities


You were on level 3 of the Dungeon.
You visited 1 branch of the dungeon, and saw 4 of its levels.

You collected 93 gold pieces.

Inventory:

Hand Weapons
 a - a +1 shortbow (weapon)
 b - a +0 short sword of speed
 n - a +0 halberd
Missiles
 d - 31 arrows (quivered ammo)
 l - 42 stones
Armour
 g - a +1 chain mail (worn)
Magical Staves
 e - a staff of poison
Jewellery
 h - a ring of wizardry
 j - a +6 ring of strength
Potions
 c - 2 potions of flight {unknown}
 f - a potion of curing {unknown}
 i - 2 potions of mutation {unknown}
 k - a potion of invisibility {unknown}
 m - a potion of heal wounds {unknown}


   Skills:
 - Level 3.9 Fighting
 + Level 5.0 Bows
 - Level 3.5 Dodging
 - Level 0.7 Stealth


You had 3 spell levels left.
You didn't know any spells.
Your spell library contained the following spells:

 Spells                   Type           Power      Damage    Failure   Level
 Ensorcelled Hibernation  Hex/Ice        0%         N/A       100%        2
 Spider Form              Tmut/Pois      0%         N/A       100%        3


Dungeon Overview and Level Annotations

Branches:
Dungeon (4/15)
 Temple: D:4-7

Altars:

Annotations:
D:2 exclusion: downstairs
D:3 2 transporters, Ijyb


Innate Abilities, Weirdness & Mutations

You have a pair of horns on your head.
You reflexively headbutt those who attack you in melee.


Message History

You shoot an arrow. The arrow hits the gnoll.
The gnoll is severely wounded.
The gnoll closely misses you.
You shoot an arrow. The arrow hits the gnoll.
You kill the gnoll!
Your Bows skill increases to level 5!
No target in view!
No target in view!
d - 27 arrows (gained 4)
Things that are here:
a +0 club; a +0 leather armour; a gnoll corpse
d - 28 arrows (gained 1)
d - 29 arrows (gained 1)
d - 30 arrows (gained 1)
d - 31 arrows (gained 1)
You pick up a book of Dreams and begin reading...
You add the spells Ensorcelled Hibernation and Spider Form to your library.
d - 32 arrows (gained 1)
A kobold comes into view. It is wielding a +0 dagger.
You see here an arrow.
The kobold shouts!
Ijyb the Twisted Goblin comes into view.
She is wielding a +0 club and carrying a wand of acid (9).
There are monsters nearby!
You shoot an arrow. The arrow barely misses the kobold.
Ijyb shouts!
Okay, then.
You aren't carrying any scrolls.
Unknown command.
Ijyb zaps a wand.
The bolt of acid hits the kobold!!
The acid corrodes the kobold!
The kobold dies!
The bolt of acid hits you!!
Ouch! That really hurt!
* * * LOW HITPOINT WARNING * * *
The acid corrodes you!
You aren't carrying any scrolls.
Unknown command.
Ijyb zaps a wand.
The bolt of acid hits you!!!
Ouch! That really hurt!
You die...

†# ## .# # . ## .# #
###.## # #.....#
###########.# #.##
##......)...# #..#
#.########.###..#######
#.# #.....@....... #.#
###..#.####### #.#
#..#.######## ##.#
#............ ...#
##).......####
############..g###.......
................# .......
#############...# ..###..
###...###.### .


You could see Ijyb.

Vanquished Creatures
  4 gnolls
  An adder (D:2)
  2 dart slugs
  2 orcs (D:2)
  3 bats
  5 endoplasms
  2 giant cockroaches
  4 goblins
  4 hobgoblins
  A quokka (D:1)
  4 ball pythons
  4 frilled lizards
  5 kobolds
  A rat (D:2)
42 creatures vanquished.

Vanquished Creatures (others)
  A kobold (D:3)
  A plant (D:1)
2 creatures vanquished.

Grand Total: 44 creatures vanquished

Notes
Turn   | Place    | Note
-------+----------+-------------------------------------------
     0 | D:1      | dolemite99 the Minotaur Hunter began the quest for the Orb.
     0 | D:1      | Reached XP level 1. HP: 18/18 MP: 0/0
   225 | D:1      | Reached XP level 2. HP: 26/26 MP: 1/1
   582 | D:1      | Found a faded altar of an unknown god.
   847 | D:2      | Reached XP level 3. HP: 12/31 MP: 2/2
  1829 | D:3      | Found a transporter.
  1856 | D:3      | Found a transporter.
  1876 | D:3      | Reached XP level 4. HP: 40/40 MP: 3/3
  2177 | D:3      | Noticed a kobold demonologist
  2313 | D:3      | Reached skill level 5 in Bows
  2334 | D:3      | Noticed Ijyb
  2349 | D:3      | Killed from afar by Ijyb

Illustrated notes

Levels and vault maps discovered:
D:1:      dpeg_arrival_refuge, layout_loops_ring,
          shapermc_ecumenical_altar_acropolis
D:2:      layout_basic
D:3:      gammafunk_wand_slinger, layout_loops_ring, hangedman_decor_growths,
          uniq_ijyb
D:4:      layout_loops_cross

Skill      XL: |  1  2  3  4 |
---------------+-------------+-----
Fighting       | 3 |  3.9
Dodging        | 3 |  3.5
Bows           | 5 |  5.0
Stealth        | |  0.7

Action                   |  1- 3 |  4- 6 || total
-------------------------+-------+-------++-------
Melee: Short sword       |    16 |     4 ||    20
       Headbutt          |     4 |     1 ||     5
 Fire: Shortbow          |    78 |    22 ||   100
Throw: Stone             |       |     3 ||     3
  Use: Scroll            |     1 |     2 ||     3
Armor: Leather armour    |     3 |       ||     3
       Chain mail        |    19 |     7 ||    26
Dodge: Dodged            |    11 |     5 ||    16

Table legend: (Time is in decaauts)
 A = Elapsed time spent in this place.
 B = Non-inter-level travel time spent in this place.
 C = Inter-level travel time spent in this place.
 D = Time resting spent in this place.
 E = Time spent auto-exploring this place.
 F = Levels seen in this place.
 G = Mean time per level.
                   A        B        C        D        E       F      G
               +--------+--------+--------+--------+--------+-----+--------+
         Total |   2351 |   2215 |    136 |    526 |   1258 |   4 |  587.8 |
       Dungeon |   2351 |   2215 |    136 |    526 |   1258 |   4 |  587.8 |
               +--------+--------+--------+--------+--------+-----+--------+

Top non-repeatable levels by time:
     D:2: 966 daAuts
     D:1: 804 daAuts
     D:3: 579 daAuts
     D:4: 1 daAuts
